 Dungeon Crawl Stone Soup version 0.23-a0-436-g57debff (webtiles) character file.

126986 Amnesiac the Unseen (level 16, -3/88 HPs)
             Began as a Spriggan Enchanter on Nov 17, 2018.
             Was the Champion of Okawaru.
             Slain by a swamp drake (10 damage)
             ... on level 3 of the Swamp.
             The game lasted 01:30:16 (28469 turns).

Amnesiac the Unseen (Spriggan Enchanter)           Turns: 28469, Time: 01:30:17

Health: -3/88      AC:  6    Str:  4    XL:     16   Next: 45%
Magic:  0/28       EV: 27    Int: 22    God:    Okawaru [******]
Gold:   1925       SH: 11    Dex: 20    Spells: 5/30 levels left

rFire    . . .     SeeInvis +   a - +1 dagger (speed)
rCold    . . .     Gourm    .   v - +3 warlock's mirror {reflect}
rNeg     . . .     Faith    .   i - +2 robe {Archmagi}
rPois    +         Spirit   +   I - +2 hat {MR+}
rElec    .         Reflect  +   N - scarf {Spirit}
rCorr    .         Harm     .   (gloves unavailable)
MR       +++..                  (boots unavailable)
Stlth    +++++++...             G - amulet of magic regeneration
HPRegen  0.00/turn              P - ring of poison resistance
MPRegen  0.46/turn              D - ring of wizardry

@: grasped by roots, constricted, very quick
A: very small, unfitting armour, see invisible, agile 1, herbivore, speed 3,
inhibited regeneration, slow metabolism 2, wild magic 1
a: Heroism, Finesse, Renounce Religion


You were on level 3 of the Swamp.
You worshipped Okawaru.
Okawaru was exalted by your worship.
You were not hungry.

You visited 5 branches of the dungeon, and saw 27 of its levels.
You also visited: Labyrinth and Volcano.

You collected 3682 gold pieces.
You spent 1757 gold pieces at shops.

Inventory:

Hand Weapons
 a - a +1 dagger of speed (weapon)
 b - a +0 blowgun
Missiles
 d - 8 poisoned tomahawks (quivered)
 m - 123 poisoned needles
Armour
 i - a +2 robe of the Archmagi (worn)
 v - the +3 warlock's mirror (worn) {reflect}
   (You bought it in a shop on level 8 of the Dungeon)
 I - a +2 hat of magic resistance (worn)
 J - a scarf of cloud immunity
 N - a scarf of spirit shield (worn)
 Y - the +0 robe of the Past {rElec rF- Int+10 Dex+4}
   (Okawaru gifted it to you in a volcano)

   It affects your intelligence (+10).
   It affects your dexterity (+4).
   It makes you vulnerable to fire.
   It insulates you from electricity.
Jewellery
 p - an uncursed ring of teleportation
 s - an uncursed ring of protection from cold
 D - a ring of wizardry (right hand)
 G - an amulet of magic regeneration (around neck)
 K - an uncursed ring of protection from fire
 P - a ring of poison resistance (left hand)
 Q - an uncursed ring of protection from fire
 W - an uncursed ring of resist corrosion
Wands
 r - a wand of polymorph (5)
 u - a wand of enslavement (7)
 w - a wand of acid (8)
 z - a wand of paralysis (28)
 B - a wand of flame (72)
 R - a wand of clouds (4)
Scrolls
 c - 5 scrolls of identify {!r}
 e - 7 scrolls of teleportation {!r}
 g - a scroll of magic mapping {!r}
 j - 3 scrolls of amnesia {!r}
 l - 4 scrolls of fear {!r}
 n - 11 scrolls of remove curse {!r}
 o - 4 scrolls of blinking {!r}
 t - 2 scrolls of vulnerability {!r}
 E - 2 scrolls of fog {!r}
 S - 2 scrolls of torment {!r}
 U - 2 scrolls of summoning {!r}
Potions
 f - 2 potions of magic {!q}
 h - 7 potions of haste {!q}
 q - 4 potions of might {!q}
 x - a potion of invisibility {!q}
 C - 7 potions of curing {!q}
 H - 3 potions of heal wounds {!q}
 L - 4 potions of agility {!q}
 O - 2 potions of cancellation {!q}
 T - 2 potions of resistance {!q}
 V - a potion of brilliance {!q}
 X - a potion of flight {!q}
Miscellaneous
 y - a lamp of fire (inert)
 F - a phantom mirror
 M - a lightning rod (4/4)
Comestibles
 A - 37 rations


   Skills:
 - Level 12.0 Fighting
 - Level 10.0 Short Blades
 - Level 13.0 Dodging
 - Level 18.0 Stealth
 - Level 7.2 Shields
 - Level 7.5 Spellcasting
 + Level 3.8 Conjurations
 - Level 10.0 Hexes
 + Level 6.0 Transmutations
 - Level 12.0 Invocations
 - Level 9.0 Evocations


You had 5 spell levels left.
You knew the following spells:

 Your Spells              Type           Power        Failure   Level  Hunger
a - Ensorcelled Hibernat  Hex/Ice        ######       1%          2    None
b - Corona                Hex            #######      1%          1    None
c - Mephitic Cloud        Conj/Pois/Air  ####....     9%          3    None
d - Dazzling Spray        Conj/Hex       ######       1%          3    None
e - Confuse               Hex            #######.     1%          3    None
f - Irradiate             Conj/Tmut      ######....   16%         5    #####..
s - Conjure Flame         Conj/Fire      ####....     6%          3    None
v - Blink                 Tloc           N/A          7%          2    None
w - Tukima's Dance        Hex            #######.     1%          3    None

Your spell library contained the following spells:

 Spells                   Type           Power        Failure   Level  Hunger
 Magic Dart               Conj           ####         1%          1    None
 Searing Ray              Conj           #####.       1%          2    None
 Slow                     Hex            #######.     1%          2    None
 Shock                    Conj/Air       ####         2%          1    None
 Portal Projectile        Hex/Tloc       ######       2%          3    None
 Throw Frost              Conj/Ice       ####..       3%          2    None
 Fulminant Prism          Conj/Hex       ######....   3%          4    ###....
 Freeze                   Ice            ###.         4%          1    None
 Static Discharge         Conj/Air       ####....     6%          3    None
 Call Imp                 Summ           ###.....     7%          2    None
 Poisonous Vapours        Pois/Air       ###...       7%          2    None
 Swiftness                Chrm/Air       ###.....     7%          2    None
 Iskenderun's Mystic Bla  Conj           #####...     9%          4    ###....
 Gell's Gravitas          Tloc           ###.......   13%         3    None
 Ozocubu's Armour         Chrm/Ice       ###.....     13%         3    None
 Force Lance              Conj/Tloc      ####....     19%         4    ###....
 Throw Icicle             Conj/Ice       ####....     19%         4    ###....
 Airstrike                Air            ###.......   36%         4    ###....
 Summon Ice Beast         Ice/Summ       ###.....     36%         4    ###....
 Lightning Bolt           Conj/Air       ####......   43%         5    #####..
 Hydra Form               Tmut           ######....   43%         6    ######.
 Statue Form              Tmut/Erth      #####....    82%         6    ######.
 Dragon Form              Tmut           ######....   92%         7    #######
 Freezing Cloud           Conj/Ice/Air   ####......   96%         6    ######.
 Dispersal                Tloc           ###.......   99%         6    ######.
 Ring of Flames           Chrm/Fire      ###.......   100%        7    #######
 Controlled Blink         Tloc           N/A          100%        8    #######
 Disjunction              Tloc           ###.......   100%        8    #######


Dungeon Overview and Level Annotations

Branches:
Dungeon (15/15)            Temple (1/1) D:6            Lair (6/6) D:8
  Swamp (3/4) Lair:4        Snake (0/4) Lair:2        Slime (0/5) Lair:5
    Orc (2/2) D:9             Elf (0/3) Orc:2        Vaults (0/5) D:13
 Depths (0/5) D:15

Altars:
Ashenzari
Cheibriados
Dithmenos
Elyvilon
Fedhas
Gozag
Hepliaklqana
Kikubaaqudgha
Makhleb
Nemelex Xobeh
Okawaru
Qazlal
Ru
Sif Muna
Trog
Uskayaw
Vehumet
Wu Jian
Xom
Yredelemnul
Zin
The Shining One
Beogh

Shops:
D:5 (   D:6 (   D:8 }=[?   Orc:2 *==?

Annotations:
D:13 1 runed door, Yshrewere's ghost, journeyman DrMo
D:14 exclusion: Roxanne, Roxanne


Innate Abilities, Weirdness & Mutations

You are very small and have problems with some larger weapons.
You are too small for most types of armour.
You have supernaturally acute eyesight. (SInv)
You are a herbivore.
You cover ground extremely quickly.
You need to consume almost no food.
You are agile. (Dex +2)
You do not regenerate when monsters are visible.
Your spells are a little harder to cast, but a little more powerful.


Message History

The swamp drake is lightly wounded.
The vampire mosquito barely misses the hornet.
You block the vampire mosquito's attack.
The hornet is engulfed in poison gas.
The hornet looks even sicker.
You barely miss the swamp drake.
The swamp drake is lightly wounded.
The swamp drake barely misses you.
You hit the swamp drake.
The swamp drake is lightly wounded.
You block the vampire mosquito's attack.
You hit the swamp drake but do no damage.
The swamp drake is lightly wounded.
The hornet is engulfed in blazing flames.
You kill the hornet!
Okawaru accepts your kill.
A swamp worm comes into view.
You block the vampire mosquito's attack.
You hit the swamp drake but do no damage.
The swamp drake is lightly wounded.
Roots burst forth from the earth!
The grasping roots grab you!
* * * LOW HITPOINT WARNING * * *
The grasping roots constrict you!
You hit the swamp drake.
The swamp drake is lightly wounded.
The vampire mosquito bites the swamp worm.
The vampire mosquito draws strength from the swamp worm's injuries!
You block the vampire mosquito's attack.
The swamp drake breathes noxious fumes at you.
The noxious blast engulfs you!
You hit the swamp drake.
The swamp drake is moderately wounded.
The swamp worm is engulfed in poison gas.
The swamp worm is poisoned.
Press: ? - help, v - describe, . - travel
Here: a vampire mosquito (poison gas, almost destroyed)
The floor.
Press: ? - help, v - describe, . - travel
Here: a swamp drake (moderately wounded, catching its breath)
The floor.
Press: ? - help, v - describe, . - travel
Here: a shambling mangrove (poison gas)
The floor, spattered with blood.
The roots' grasp on you weakens, but your attempt to escape fails.
The vampire mosquito bites you but does no damage.
The vampire mosquito is engulfed in blazing flames.
You block the vampire mosquito's attack.
The swamp drake misses you.
* * * LOW HITPOINT WARNING * * *
The grasping roots constrict you!!
Something bites the vampire mosquito!
Something closely misses the vampire mosquito.
Something tramples the vampire mosquito.
The vampire mosquito holds its ground!
The swamp dragon is engulfed in blazing flames.
The swamp dragon completely misses you. You block the swamp dragon's attack.
The swamp dragon closely misses you.
The roots' grasp on you weakens, but your attempt to escape fails.
The vampire mosquito bites something but does no damage.
The vampire mosquito bites you.
* * * LOW HITPOINT WARNING * * *
The vampire mosquito draws strength from your injuries!
You block the vampire mosquito's attack.
The swamp drake bites you!
You die...

♣♣≈≈≈.♣...≈≈≈≈≈≈≈ ♣♣
≈.......).≈≈≈.≈≈ ♣.
♣♣..≈≈≈≈≈..≈♣=≈≈ ♣≈♣
♣♣.≈≈≈≈≈≈♣♣♣.≈≈
♣♣..♣♣♣♣†≈≈≈≈≈≈.♣♣♣[<
♣.≈≈.♣♣.†.....≈≈♣ ♣♣≈
♣≈≈≈.♣♣♣§♣♣.<.♣♣♣ ♣♣
♣§≈≈.k§§§§..♣♣♣
♣.≈≈@yD§§§§.≈♣
♣♣..♣Dfw§§♣.≈♣
♣♣♣♣♣♣†§♣♣♣♣♣ ♣§.♣
≈♣♣♣ .♣


You could see a shambling mangrove, 2 swamp dragons, a swamp worm, a swamp drake
and a vampire mosquito.

Vanquished Creatures
  A thorn hunter (Swamp:2)
  Gastronok (Lair:1)
  Louise (D:14)
  An ironheart preserver (D:13)
  Nessos (D:14)
  A minotaur (Lab)
  Snorg (Lair:6)
  Harold (D:10)
  An ice dragon (Lair:6)
  A rakshasa (D:15)
  2 catoblepae
  9 hydras
  A ghost crab (Swamp:3)
  A shambling mangrove (Swamp:1)
  2 centaur warriors
  A dancing weapon (Volcano)
  18 two-headed ogres
  3 ogre magi (D:15)
  8 alligators
  6 death yaks (Lair:6)
  A queen ant (shapeshifter) (D:15)
  3 orc high priests (Orc:2)
  A tengu warrior (D:12)
  The ghost of kidcy the Poker, a novice FoFi of Makhleb (D:6)
  The ghost of feelmyfire the Grappler, a novice NaNe of Kikubaaqudgha (D:7)
  An unseen horror (D:13)
  2 spriggan druids (Swamp:3)
  A death drake (shapeshifter) (D:15)
  3 swamp dragons
  6 wizards
  4 lindwurms
  2 deep elf magi
  5 orc sorcerers (Orc:2)
  5 orc knights
  5 oklob plants
  A wolf spider zombie (D:15)
  8 cyclopes
  3 manticores
  10 ugly things
  2 elephants (Lair:6)
  5 toenail golems (Volcano)
  6 black mambas
  5 centaur zombies
  11 spiny frogs
  5 torpor snails (Lair:6)
  A gargoyle (D:15)
  4 centaur skeletons
  2 rime drakes
  An efreet (D:15)
  A redback zombie (D:15)
  5 komodo dragons
  A freezing wraith (D:15)
  8 trolls
  A polar bear (Lair:6)
  A tengu conjurer (D:12)
  8 tyrant leeches
  9 slime creatures
  8 blink frogs
  A hornet (shapeshifter) (D:15)
  2 bog bodies
  9 hornets
  9 hippogriffs
  15 dream sheep
  Sigmund (D:5)
  A centaur simulacrum (D:15)
  3 shadows
  A wraith (D:13)
  47 yaks
  Grum (D:10)
  7 hungry ghosts
  4 wyverns
  A golden eye (shapeshifter) (D:13)
  19 vampire mosquitoes
  6 basilisks
  16 swamp worms
  A warg (Orc:2)
  A soldier ant (shapeshifter) (D:15)
  Menkaure (D:6)
  2 acid dragons
  13 porcupines
  19 water moccasins
  21 orc warriors
  4 swamp drakes
  8 sky beasts
  11 ogres
  3 ice beasts
  The ghost of kirsanium the Conjurer, an amateur GnWn (D:3)
  10 wolves
  3 boggarts (D:15)
  2 phantoms
  13 centaurs
  16 crocodiles
  5 big kobolds
  18 bullfrogs
  The ghost of Amnesiac the Vexing, an amateur FeEn (D:3)
  A wyvern skeleton (D:14)
  2 scorpions
  7 killer bees
  4 wights (D:12)
  2 howler monkeys (D:9)
  10 crimson imps
  2 jellies
  6 hounds
  19 orc priests
  3 bullfrog skeletons
  8 iguanas
  Natasha (thrice) (D:4)
  23 orc wizards
  10 hell rats (Lair:5)
  12 worker ants
  A hound zombie (D:8)
  2 human simulacra (D:13)
  A howler monkey zombie (D:6)
  22 adders
  4 gnolls (D:9)
  7 river rats (Lair:5)
  2 shadow imps
  2 oozes
  An adder zombie (D:6)
  2 adder skeletons (D:4)
  4 worms
  2 dart slugs
  9 leopard geckos
  75 orcs
  2 ball pythons
  7 giant cockroaches
  10 goblins
  9 hobgoblins
  6 quokkas
  5 bats
  7 frilled lizards
  26 kobolds
  11 rats
  3 plants
836 creatures vanquished.

Vanquished Creatures (collateral kills)
  2 hornets (Lair:6)
  An orc warrior (Orc:2)
3 creatures vanquished.

Vanquished Creatures (others)
  An orc wizard (Orc:2)
  7 fungi
  15 plants
  2 withered plants (D:6)
25 creatures vanquished.

Grand Total: 864 creatures vanquished

Notes
Turn   | Place    | Note
-------+----------+-------------------------------------------
     0 | D:1      | Amnesiac the Spriggan Enchanter began the quest for the
                  | Orb.
     0 | D:1      | Reached XP level 1. HP: 9/9 MP: 5/5
   337 | D:2      | Reached XP level 2. HP: 13/13 MP: 6/6
   341 | D:2      | Learned a level 2 spell: Ensorcelled Hibernation
   586 | D:2      | Reached skill level 5 in Stealth
   586 | D:2      | Reached XP level 3. HP: 16/16 MP: 8/8
   593 | D:2      | Learned a level 3 spell: Confuse
   726 | D:3      | Found an iron altar of Okawaru.
   746 | D:3      | Became a worshipper of Warmaster Okawaru
  1259 | D:1      | Reached XP level 4. HP: 17/21 MP: 4/9
  1362 | D:1      | Learned a level 3 spell: Tukima's Dance
  1807 | D:3      | Reached skill level 6 in Stealth
  1825 | D:3      | Reached XP level 5. HP: 24/24 MP: 1/10
  1859 | D:3      | Found an ancient bone altar of Kikubaaqudgha.
  2283 | D:3      | Found a runed gate.
  2283 | D:3      | Found a runed gate.
  2283 | D:3      | Found a runed gate.
  2288 | D:3      | Noticed Amnesiac's ghost (amateur FeEn)
  2289 | D:3      | Noticed kirsanium's ghost (amateur GnWn)
  2308 | D:3      | Reached skill level 5 in Dodging
  2390 | D:3      | Found an opulent altar of Gozag.
  2507 | D:3      | Killed kirsanium's ghost
  2507 | D:3      | Reached * piety under Okawaru
  2542 | D:3      | Killed Amnesiac's ghost
  2542 | D:3      | Reached skill level 7 in Stealth
  2542 | D:3      | Reached XP level 6. HP: 28/28 MP: 1/11
  2911 | D:4      | Noticed Natasha
  2935 | D:4      | Killed Natasha
  3247 | D:4      | Reached ** piety under Okawaru
  3317 | D:4      | Noticed Natasha
  3355 | D:4      | Killed Natasha
  3488 | D:4      | Noticed Natasha
  3498 | D:4      | Killed Natasha
  3498 | D:4      | Reached XP level 7. HP: 32/32 MP: 8/12
  3565 | D:4      | Reached skill level 8 in Stealth
  3721 | D:5      | Entered Level 5 of the Dungeon
  3721 | D:5      | Found Utubuwud's Weapon Shop.
  3733 | D:5      | Reached skill level 5 in Short Blades
  4000 | D:5      | Found a shattered altar of Ashenzari.
  4011 | D:5      | Noticed Sigmund
  4093 | D:5      | Killed Sigmund
  4093 | D:5      | Reached skill level 9 in Stealth
  4181 | D:5      | HP: 1/32 [sky beast (6)]
  4320 | D:5      | Reached XP level 8. HP: 14/36 MP: 13/13
  4332 | D:5      | Learned a level 3 spell: Dazzling Spray
  4360 | D:5      | Reached *** piety under Okawaru
  4716 | D:6      | Reached skill level 10 in Stealth
  4818 | D:6      | Found Ciots's Antique Weapon Shoppe.
  5357 | D:6      | Found a staircase to the Ecumenical Temple.
  5457 | D:6      | Noticed Menkaure
  5488 | D:7      | Noticed a hornet
  5490 | D:7      | Killed a hornet
  5490 | D:7      | Reached skill level 11 in Stealth
  5604 | D:7      | Reached **** piety under Okawaru
  5604 | D:7      | Reached XP level 9. HP: 31/39 MP: 14/14
  5633 | D:7      | Reached skill level 10 in Dodging
  5635 | D:7      | Gained mutation: You are occasionally teleported next to
                  | monsters. [potion of mutation]
  5635 | D:7      | Gained mutation: You have a pair of small horns on your
                  | head. [potion of mutation]
  6200 | D:7      | Identified the +2 chain mail "Vofi" {rPois Str+7 Dex+4}
  6202 | D:7      | Found a runed gate.
  6202 | D:7      | Noticed feelmyfire's ghost (novice NaNe)
  6203 | D:7      | Found a runed gate.
  6204 | D:7      | Found a runed gate.
  6379 | D:7      | Found a roughly hewn altar of Beogh.
  6625 | D:7      | Killed feelmyfire's ghost
  6625 | D:7      | Reached skill level 5 in Hexes
  6755 | D:7      | Reached skill level 12 in Stealth
  6995 | D:8      | Reached ***** piety under Okawaru
  7040 | D:8      | Found a burning altar of Makhleb.
  7164 | D:6      | Killed Menkaure
  7189 | Temple   | Entered the Ecumenical Temple
  7538 | D:6      | Noticed a deep elf mage
  7541 | D:6      | Killed a deep elf mage
  7541 | D:6      | Received a gift from Okawaru
  7541 | D:6      | Reached skill level 5 in Spellcasting
  7641 | D:6      | Reached XP level 10. HP: 44/44 MP: 13/18
  7746 | D:6      | Found a runed door.
  7747 | D:6      | Noticed kidcy's ghost (novice FoFi)
  7820 | D:6      | Killed kidcy's ghost
  7820 | D:6      | Received a gift from Okawaru
  7820 | D:6      | Reached skill level 1 in Shields
  7827 | D:6      | Got an ichor-stained hand crossbow
  7828 | D:6      | Identified the +4 hand crossbow of Conformity {penet,
                  | Int+3} (You found it on level 6 of the Dungeon)
  7916 | D:8      | Found Evept's Gadget Emporium.
  7931 | D:8      | Found Nainn's Jewellery Emporium.
  8107 | D:8      | Found Wikliman's Antique Armour Shoppe.
  8115 | D:8      | Bought a glowing cloak for 277 gold pieces
  8229 | D:8      | Found a staircase to the Lair.
  8436 | D:8      | Found Alaschufar's Magic Scroll Shop.
  8611 | D:9      | Found an ornate altar of the Wu Jian Council.
  8614 | D:9      | Found a blossoming altar of Fedhas.
  8615 | D:9      | Found a glowing silver altar of Zin.
  8616 | D:9      | Found a white marble altar of Elyvilon.
  8616 | D:9      | Found a shattered altar of Ashenzari.
  8619 | D:9      | Found a shadowy altar of Dithmenos.
  8620 | D:9      | Found a snail-covered altar of Cheibriados.
  8621 | D:9      | Found a bloodstained altar of Trog.
  8674 | D:9      | Reached skill level 13 in Stealth
  8718 | D:9      | Found a staircase to the Orcish Mines.
  9120 | D:9      | Received a gift from Okawaru
  9187 | D:9      | Found a hazy altar of Hepliaklqana.
  9194 | D:9      | Found a stormy altar of Qazlal.
  9478 | D:9      | Found a roughly hewn altar of Beogh.
  9513 | Orc:1    | Entered Level 1 of the Orcish Mines
  9632 | Orc:2    | Entered Level 2 of the Orcish Mines
  9688 | Orc:1    | Noticed an orc knight
  9781 | Orc:1    | Found a roughly hewn altar of Beogh.
  9794 | Orc:1    | Killed an orc knight
  9794 | Orc:1    | Received a gift from Okawaru
  9840 | Orc:2    | Reached XP level 11. HP: 27/47 MP: 0/22
 10394 | Orc:2    | Reached skill level 1 in Evocations
 10550 | Orc:2    | Found a roughly hewn altar of Beogh.
 10694 | Orc:2    | Noticed an orc sorcerer
 11074 | Orc:2    | Killed an orc sorcerer
 11193 | Orc:2    | Found a staircase to the Elven Halls.
 11331 | Orc:2    | Noticed an orc sorcerer
 11391 | Orc:2    | Noticed an orc high priest
 11391 | Orc:2    | Noticed an orc sorcerer
 11396 | Orc:2    | Noticed an orc sorcerer
 11397 | Orc:2    | Noticed a sun demon
 11398 | Orc:2    | Noticed an orc knight
 11401 | Orc:2    | Killed an orc high priest
 11435 | Orc:2    | Killed an orc sorcerer
 11520 | Orc:2    | Killed an orc knight
 11549 | Orc:2    | Killed an orc sorcerer
 11549 | Orc:2    | Reached skill level 14 in Stealth
 11737 | Orc:2    | Noticed an orc sorcerer
 11743 | Orc:2    | Killed an orc sorcerer
 11853 | Orc:2    | Noticed an orc knight
 11854 | Orc:2    | Noticed an orc knight
 11855 | Orc:2    | Killed an orc sorcerer
 11855 | Orc:2    | Reached skill level 10 in Short Blades
 11862 | Orc:2    | Noticed an orc high priest
 11953 | Orc:2    | Noticed an orc knight
 11967 | Orc:2    | Killed an orc knight
 11967 | Orc:2    | Received a gift from Okawaru
 11970 | Orc:2    | Noticed an orc high priest
 11990 | Orc:2    | Noticed a soul eater
 12016 | Orc:2    | Gained mutation: You are clumsy. (Dex -2) [a neqoxec]
 12162 | Orc:2    | Killed an orc high priest
 12162 | Orc:2    | Reached ****** piety under Okawaru
 12264 | Orc:2    | Killed an orc knight
 12475 | Orc:1    | Reached skill level 5 in Evocations
 12871 | Orc:2    | Killed an orc high priest
 12871 | Orc:2    | Reached XP level 12. HP: 51/51 MP: 10/24
 12971 | Orc:2    | Found Xoluel's Magic Scroll Boutique.
 12975 | Orc:2    | Found Doisuug's Jewellery Shoppe.
 12981 | Orc:2    | Found Ragul Waibes's Jewellery Shoppe.
 12983 | Orc:2    | Found Rituas's General Store.
 13093 | D:10     | Entered Level 10 of the Dungeon
 13220 | D:10     | Noticed Grum
 13239 | D:10     | Killed Grum
 13243 | D:10     | Reached skill level 15 in Stealth
 13297 | D:10     | Noticed Harold
 13307 | D:10     | Killed Harold
 13359 | D:10     | Found a white marble altar of Elyvilon.
 13651 | D:10     | Learned a level 2 spell: Blink
 13655 | D:10     | Learned a level 3 spell: Mephitic Cloud
 13659 | D:10     | Learned a level 3 spell: Conjure Flame
 13837 | D:11     | Reached skill level 5 in Shields
 13979 | D:11     | Reached skill level 10 in Hexes
 14097 | D:11     | Noticed a two-headed ogre
 14103 | D:11     | Killed a two-headed ogre
 14103 | D:11     | Reached skill level 1 in Fighting
 14437 | D:11     | Noticed a two-headed ogre
 14445 | D:11     | Killed a two-headed ogre
 14445 | D:11     | Received a gift from Okawaru
 14873 | D:12     | Noticed a tengu warrior
 14874 | D:12     | Noticed a two-headed ogre
 14887 | D:12     | Killed a two-headed ogre
 14887 | D:12     | Reached XP level 13. HP: 52/61 MP: 18/25
 15581 | D:12     | Reached skill level 5 in Fighting
 16107 | D:13     | Received a gift from Okawaru
 16272 | D:13     | Noticed an ironheart preserver
 16273 | D:13     | Found a gate to the Vaults.
 16301 | D:13     | Killed an ironheart preserver
 16348 | D:13     | Got a shimmering shortbow
 16428 | D:13     | Found a runed door.
 16431 | D:13     | Noticed Yshrewere's ghost (journeyman DrMo)
 16432 | D:13     | Noticed a storm dragon
 16586 | D:13     | Identified the +6 shortbow of the Tiger {flame, Int+4
                  | Dex+6} (You found it on level 13 of the Dungeon)
 16862 | D:8      | Bought the +3 warlock's mirror {reflect} for 1480 gold
                  | pieces
 16862 | D:8      | Found the +3 warlock's mirror {reflect}
 17080 | D:14     | Noticed Louise
 17084 | D:14     | Found a labyrinth entrance.
 17087 | D:14     | Killed Louise
 17101 | Lab      | Entered a labyrinth
 17316 | Lab      | Noticed a minotaur
 17317 | Lab      | Killed a minotaur
 17372 | D:14     | Noticed Nessos
 17390 | D:14     | Killed Nessos
 17390 | D:14     | Received a gift from Okawaru
 17393 | D:14     | Got a scorched rapier {god gift}
 17395 | D:14     | Identified the +0 rapier of Proximity {pierce, Dex+3}
                  | (Okawaru gifted it to you on level 14 of the Dungeon)
 17572 | D:14     | Identified Roxanne's Tome of Earth
 17572 | D:14     | Noticed Roxanne
 17913 | D:15     | Entered Level 15 of the Dungeon
 17951 | D:15     | Received a gift from Okawaru
 18014 | D:15     | Reached XP level 14. HP: 73/76 MP: 13/26
 18023 | D:15     | Reached skill level 10 in Fighting
 18033 | D:15     | Reached skill level 1 in Invocations
 18470 | D:15     | Reached skill level 5 in Invocations
 18724 | D:15     | Received a gift from Okawaru
 19031 | D:15     | Found a staircase to the Depths.
 19051 | D:15     | Noticed a ghost moth
 19051 | D:15     | a great orb of eyes changed into a ghost moth
 19052 | D:15     | a ghost moth changed into a queen ant
 19063 | D:15     | Noticed an emperor scorpion
 19063 | D:15     | a death yak changed into an emperor scorpion
 19067 | D:15     | an emperor scorpion changed into a catoblepas
 19070 | D:15     | Noticed a storm dragon
 19070 | D:15     | a catoblepas changed into a storm dragon
 19075 | D:15     | a storm dragon changed into an iron troll
 19076 | D:15     | Noticed a stone giant
 19076 | D:15     | an iron troll changed into a stone giant
 19755 | D:15     | Found a blossoming altar of Fedhas.
 19956 | Lair:1   | Entered Level 1 of the Lair of Beasts
 19967 | Lair:1   | Found a shattered altar of Ashenzari.
 20022 | Lair:1   | Lost mutation: You are clumsy. (Dex -2) [potion of
                  | mutation]
 20022 | Lair:1   | Lost mutation: You have a pair of small horns on your head.
                  | [potion of mutation]
 20022 | Lair:1   | Lost mutation: You are occasionally teleported next to
                  | monsters. [potion of mutation]
 20022 | Lair:1   | Gained mutation: You do not regenerate when monsters are
                  | visible. [potion of mutation]
 20022 | Lair:1   | Gained mutation: Your spells are a little harder to cast,
                  | but a little more powerful. [potion of mutation]
 20022 | Lair:1   | Gained mutation: You are agile. (Dex +2) [potion of
                  | mutation]
 20422 | Lair:1   | Noticed Gastronok
 20426 | Lair:1   | Killed Gastronok
 21182 | Lair:2   | Found a staircase to the Snake Pit.
 21238 | Lair:2   | Reached XP level 15. HP: 73/81 MP: 12/27
 21743 | Lair:3   | Found a dark tunnel.
 21754 | Volcano  | Entered a volcano
 21917 | Volcano  | Received a gift from Okawaru
 21918 | Volcano  | Got a fabulously ornate robe {god gift}
 21929 | Volcano  | Identified the +0 robe of the Past {rElec rF- Int+10 Dex+4}
                  | (Okawaru gifted it to you in a volcano)
 21930 | Volcano  | Got a crude long sword
 21932 | Volcano  | Identified the +6 long sword "Xustophu" {slice, rN+ Dex+6}
                  | (You found it in a volcano)
 22257 | Lair:3   | Got a crude scimitar
 22292 | Lair:3   | Identified the cursed +1 scimitar "Uxoed" {freeze, rPois
                  | SInv} (You found it on level 3 of the Lair of Beasts)
 22708 | Lair:4   | Reached skill level 16 in Stealth
 22714 | Lair:4   | Reached skill level 10 in Invocations
 23749 | Lair:4   | Found a staircase to the Swamp.
 23860 | Lair:5   | Found a staircase to the Slime Pits.
 24702 | Lair:6   | Entered Level 6 of the Lair of Beasts
 25015 | Lair:6   | Received a gift from Okawaru
 25051 | Lair:6   | Noticed Snorg
 25077 | Lair:6   | Killed Snorg
 25107 | Lair:6   | Reached skill level 17 in Stealth
 25134 | Lair:6   | Learned a level 5 spell: Irradiate
 26048 | Lair:6   | Found a runed door.
 26161 | Lair:6   | Reached skill level 1 in Conjurations
 26334 | Lair:6   | Received a gift from Okawaru
 26340 | Lair:6   | Reached XP level 16. HP: 38/88 MP: 13/28
 26710 | Swamp:1  | Entered Level 1 of the Swamp
 26719 | Swamp:1  | Reached skill level 1 in Transmutations
 27614 | Swamp:2  | Received a gift from Okawaru
 27618 | Swamp:2  | Got heavily runed quicksilver dragon scales {god gift}
 27629 | Swamp:2  | Identified the quicksilver dragon scales of the Ban {rF+
                  | MR+ Slay+3} (Okawaru gifted it to you on level 2 of the
                  | Swamp)
 27686 | Swamp:2  | Noticed a thorn hunter
 27694 | Swamp:2  | Killed a thorn hunter
 28137 | Swamp:2  | Reached skill level 18 in Stealth
 28247 | Swamp:3  | Reached skill level 5 in Transmutations
 28469 | Swamp:3  | Slain by a swamp drake

Vault maps used:
D:1:      dpeg_arrival_lava_temple_mockup, minmay_cut_off
D:2:      minmay_door_square, grunt_ministairs_7
D:3:      overflow_temple_1_default, old_standard_altar,
          gammafunk_ghost_cemetery,
          nicolae_gozag_cash_rules_everything_around_me
D:4:      kennysheep_six_static_rooms, uniq_natasha
D:5:      serial_shops, nicolae_shop_window_shopping, first_ration,
          lemuel_altar_in_water, uniq_sigmund
D:6:      minmay_temple_entry_metal_lava, gammafunk_ghost_grave, serial_shops,
          nicolae_shop_waterfront, guppyfry_early_elven_hall, uniq_menkaure
D:7:      biasface_ghost_orc_armoury
D:8:      corexii_shack_village, makhleb_heckhound_becter, david_lair_generic,
          serial_shops, kennysheep_mini_moat, nicolae_shop_behind_doors,
          kennysheep_little_box, shop
D:9:      minitemple, nicolae_overflow_hidden_temple,
          minmay_orc_entry_temple_small, blue_anna_alchemist
D:10:     elyvilon_altar_1, uniq_grum, uniq_harold
D:12:     minivault_20
D:13:     skrybe_vaults_entry_preservation, ebering_ghost_inner_flame,
          bh_circular_ruins
D:14:     lab_entry_generic, uniq_roxanne, uniq_louise, uniq_nessos
D:15:     gammafunk_enter_depths_forms, fedhas_altar_fruit_tree
Temple:   nicolae_temple_figure_zero
Lair:1:   basic_altar, beast_lair_carwin_10, uniq_gastronok
Lair:2:   minmay_snake_entry_six_corridors
Lair:3:   nicolae_volcano_entry_s_turn, lemuel_fruit_fields
Lair:4:   palyth_hydra_swamp_entry, kennysheep_basilisk_garden,
          lemuel_fruit_tree
Lair:5:   minmay_slime_entry_oklob_open, kennysheep_abandoned_house
Lair:6:   wormcave, hangedman_lair_in_review, uniq_snorg
Swamp:1:  cheibrodos_swamp_monstrosity, hangedman_swamp_cone, swamp_pool2
Swamp:2:  nicolae_swamp_rocky_clearing
Swamp:3:  evilmike_swamp_ruin_house_3, swamp_pool4, st_swamp_mini
Orc:1:    basic_altar
Orc:2:    st_orc_elflike, mines1_david
Lab:      nicolae_lab_arrow, nicolae_lab_blocks
Volcano:  volcano_bunker

Skill      XL: |  1  2  3  4  5  6  7  8  9 10 11 12 13 14 15 16 |
---------------+-------------------------------------------------+-----
Spellcasting   | 3 5 6 7 |  7.5
Stealth        | 5 6 7 9 11 12 13 14 15 17 18 | 18.0
Hexes          | 4 5 7 9 10 | 10.0
Short Blades   | 2 3 4 5 7 8 9 10 | 10.0
Dodging        | 4 5 6 8 9 11 12 13 | 13.0
Shields        | 2 4 6 7 |  7.2
Evocations     | 5 8 9 |  9.0
Fighting       | 4 9 10 11 12 | 12.0
Invocations    | 9 11 12 | 12.0
Conjurations   | 1 3 |  3.8
Transmutations | 6 |  6.0

Action                   |  1- 3 |  4- 6 |  7- 9 | 10-12 | 13-15 | 16-18 || total
-------------------------+-------+-------+-------+-------+-------+-------++-------
Melee: Dagger            |    65 |    68 |   259 |   578 |  1024 |   208 ||  2202
       Unarmed           |       |     4 |       |       |       |       ||     4
       Headbutt          |       |       |    11 |    61 |    74 |       ||   146
 Cast: Corona            |     6 |     1 |       |       |     5 |       ||    12
       Ensorcelled Hiber |    18 |    32 |    78 |   162 |   239 |    45 ||   574
       Confuse           |       |    13 |    36 |    96 |   198 |    44 ||   387
       Dazzling Spray    |       |       |       |    20 |    48 |     3 ||    71
       Tukima's Dance    |       |       |       |     6 |       |       ||     6
       Mephitic Cloud    |       |       |       |       |     5 |     1 ||     6
Evoke: Wand              |       |       |     5 |     4 |     8 |     1 ||    18
       Lightning rod     |       |       |       |       |     3 |       ||     3
       Lamp of fire      |       |       |       |       |       |     1 ||     1
  Use: Scroll            |       |     4 |    11 |     4 |     9 |     1 ||    29
       Potion            |       |     3 |     5 |     8 |     3 |       ||    19
 Stab: Sleeping          |    29 |    20 |    53 |   140 |   210 |    26 ||   478
       Confused          |       |     9 |    15 |    64 |   158 |    42 ||   288
       Distracted        |       |     1 |       |       |       |     1 ||     2
       Paralysed         |       |       |       |     3 |     1 |       ||     4
       Invisible         |       |       |       |    11 |    13 |       ||    24
       Petrified         |       |       |       |       |     1 |       ||     1
       Petrifying        |       |       |       |       |     4 |       ||     4
  Eat: Ration            |       |     2 |     6 |     4 |     7 |       ||    19
Armor: Robe              |     4 |     5 |    12 |    16 |    13 |     7 ||    57
       Skin              |       |     1 |       |       |       |       ||     1
Dodge: Dodged            |    43 |    48 |   215 |   242 |   281 |    68 ||   897
Block: Buckler           |       |       |       |   102 |   193 |    55 ||   350
       Reflection        |       |       |       |       |     9 |     4 ||    13

Table legend:
 A = Non-vault XP
 B = Vault XP
 C = Vault XP percentage of total XP
 D = Non-vault monster count
 E = Vault monster count
 F = Vault count percentage of total count
                 A         B        C        D         E       F
            +---------+---------+-------+---------+---------+-------
      Total |  116997 |   64412 |  35.5 |     621 |     215 |  25.7
            +---------+---------+-------+---------+---------+-------
        D:1 |      32 |       4 |  11.1 |      21 |       3 |  12.5
        D:2 |      70 |      14 |  16.7 |      12 |       2 |  14.3
        D:3 |     133 |     202 |  60.3 |      21 |       2 |   8.7
        D:4 |     206 |     190 |  48.0 |      12 |       6 |  33.3
        D:5 |     635 |     227 |  26.3 |      19 |       1 |   5.0
        D:6 |     930 |    1531 |  62.2 |      35 |       3 |   7.9
        D:7 |     901 |    1044 |  53.7 |      16 |      10 |  38.5
        D:8 |     625 |     727 |  53.8 |       9 |      14 |  60.9
        D:9 |    2272 |     232 |   9.3 |      32 |       8 |  20.0
       D:10 |    1719 |    1669 |  49.3 |      18 |       6 |  25.0
       D:11 |    4835 |       0 |   0.0 |      26 |       0 |   0.0
       D:12 |   10154 |     463 |   4.4 |      52 |       2 |   3.7
       D:13 |    4086 |    3109 |  43.2 |      22 |      10 |  31.2
       D:14 |    5761 |    3096 |  35.0 |      26 |       2 |   7.1
       D:15 |   25683 |    4669 |  15.4 |      55 |      11 |  16.7
     Lair:1 |    5547 |    3558 |  39.1 |      24 |      10 |  29.4
     Lair:2 |    1173 |    2340 |  66.6 |       5 |      15 |  75.0
     Lair:3 |    4094 |       0 |   0.0 |      19 |       0 |   0.0
     Lair:4 |    8705 |    3484 |  28.6 |      34 |      11 |  24.4
     Lair:5 |    3605 |    2812 |  43.8 |      25 |      19 |  43.2
     Lair:6 |    5840 |   19023 |  76.5 |      15 |      40 |  72.7
    Swamp:1 |    8162 |       0 |   0.0 |      23 |       0 |   0.0
    Swamp:2 |    9306 |       0 |   0.0 |      16 |       0 |   0.0
    Swamp:3 |    6124 |    1037 |  14.5 |      16 |       1 |   5.9
      Orc:1 |    1780 |       0 |   0.0 |      18 |       0 |   0.0
      Orc:2 |    3342 |    7977 |  70.5 |      49 |      24 |  32.9
        Lab |    1277 |     746 |  36.9 |       1 |       4 |  80.0
    Volcano |       0 |    6258 | 100.0 |       0 |      11 | 100.0
            +---------+---------+-------+---------+---------+-------
